Map: Lightshade LE

Players

Dark - Winner!

  • Race: Zerg Zerg
  • Spawn Location: 5:00

Serral

  • Race: Zerg Zerg
  • Spawn Location: 11:00

Event: TSL 6

VOD

Have the link to the VOD?

Description

Time

  • Played on: Dec. 20, 2020, 5:28 p.m.
  • Length: 4:16

All games in this series

Show
View Real Time Build Order
Export as new Build Order

Dark Zerg - Winner!

Build Orders: Hatch First 

Get SALT Encoding   

  12  0:00  Drone  
  13  0:12  Overlord  
  13  0:16  Drone  
  14  0:30  Drone x2  
  16  0:47  Hatchery  
  15  0:51  Drone  
  15  0:54  Drone  
  17  0:58  Drone  
  18  1:07  Extractor  
  17  1:13  Spawning Pool  
  17  1:15  Drone  
  17  1:18  Drone  
  18  1:27  Drone  
  19  2:00  Zergling x8, Queen  
  19  2:01  Queen  
  26  2:13  Zergling x2  
  24  2:32  Metabolic Boost  
  24  2:41  Overlord  
  24  2:42  Zergling x2  
  25  2:45  Zergling x2  
  25  2:49  Zergling x2  
  25  2:51  Zergling x2  
  28  3:02  Zergling x6  
  31  3:11  Zergling x6  
  34  3:18  Zergling x4  
  35  3:38  Overlord  
  35  3:40  Overlord  
  35  3:43  Overlord  
  35  3:55  Zergling x2  
Show
View Real Time Build Order
Export as new Build Order

Serral Zerg 

Build Orders: Pool First 

Get SALT Encoding   

  12  0:17  Spawning Pool  
  11  0:22  Drone  
  11  0:26  Drone  
  13  0:30  Drone  
  14  0:39  Overlord  
  14  1:03  Zergling x4  
  16  1:05  Zergling x2  
  17  1:15  Zergling x2  
  17  1:18  Hatchery  
  17  1:26  Zergling x2  
  18  1:33  Queen  
  18  1:38  Drone  
  21  1:47  Overlord  
  21  1:59  Drone  
  22  2:09  Queen, Drone  
  25  2:21  Drone  
  25  2:31  Queen, Drone x2  
  25  2:34  Extractor  
  28  2:42  Drone x3  
  31  2:45  Overlord  
  31  2:49  Drone  
  32  2:51  Drone  
  32  2:54  Drone  
  34  3:02  Drone  
  34  3:04  Drone  
  36  3:15  Evolution Chamber  
  36  3:18  Overlord  
  35  3:20  Drone x4  
  35  3:25  Drone  
  40  3:29  Overlord  
  40  3:38  Overlord  
  41  3:41  Drone x2  
  41  3:45  Evolution Chamber  
  42  3:48  Roach Warren  
  42  3:55  Zergling x6  
Tags
 
Add a new tag
Caveats
  • Supply blocks, unpowered buildings, or Contaminate may cause inaccurate times.
  • Supply counts are checked every 10 seconds.